 Dungeon Crawl Stone Soup version 0.26.1 (webtiles) character file.

Game seed: 3761206527630794250

140 rel the Cutter (level 5, 0/49 HPs)
             Began as a Kobold Berserker on Feb 8, 2021.
             Was a Believer of Trog.
             Slain by an orc
             ... wielding a +0 trident
              (10 damage)
             ... on level 4 of the Dungeon.
             The game lasted 00:05:36 (2625 turns).

rel the Cutter (Kobold Berserker)                   Turns: 2625, Time: 00:05:37

Health: 0/49       AC:  3    Str: 14    XL:     5   Next: 46%
Magic:  5/5        EV: 15    Int:  9    God:    Trog [**....]
Gold:   85         SH:  0    Dex: 15    Spells: 4/4 levels left

rFire    . . .     SeeInvis .   a - +0 short sword
rCold    . . .     Faith    .   (shield restricted)
rNeg     . . .     Spirit   .   h - +0 leather armour
rPois    .         Reflect  .   (no helmet)
rElec    .         Harm     .   (no cloak)
rCorr    .         Rampage  .   (no gloves)
Will     .....                  (no boots)
Stlth    ..........             (no amulet)
HPRegen  0.16/turn              e - ring of flight
MPRegen  0.09/turn              (no ring)

@: berserking, very quick
A: small, nightstalker 3
a: Renounce Religion, Evoke Flight, Berserk, Trog's Hand


You were on level 4 of the Dungeon.
You worshipped Trog.
Trog was pleased with you.
You visited 1 branch of the dungeon, and saw 4 of its levels.

You collected 85 gold pieces.

Inventory:

Hand Weapons
 a - a +0 short sword (weapon)
Armour
 h - a +0 leather armour (worn)
Jewellery
 e - a ring of flight (left hand)
 l - an uncursed amulet of reflection {unknown}
Wands
 i - a wand of random effects (17)
Scrolls
 c - 2 scrolls of blinking {unknown}
 d - 5 scrolls of remove curse {unknown}
 j - a scroll of identify
 k - a scroll of teleportation {unknown}
Potions
 b - a potion of ambrosia {unknown}
 f - 2 potions of curing {unknown}
 g - a potion of heal wounds {unknown}


   Skills:
 * Level 4.2 Fighting
 + Level 5.2 Short Blades
 + Level 1.8 Armour
 * Level 3.4 Dodging
 * Level 3.2 Stealth


You had 4 spell levels left.
You didn't know any spells.
Your spell library was empty.

Dungeon Overview and Level Annotations

Branches:
Dungeon (4/15)
 Temple: D:4-7

Altars:
Okawaru
Uskayaw
Vehumet


Innate Abilities, Weirdness & Mutations

You are small and have problems with some larger weapons.
You are completely attuned to the shadows.


Message History

The hound bites you.
You miss the hound.
The hound is heavily wounded.
The hound misses you.
You hit the hound.
The hound is severely wounded.
The hound misses you.
The orc hits you from afar with a +0 trident.
The hound bites you.
You hit the hound.
The hound is almost dead.
The hound closely misses you.
The orc hits you from afar with a +0 trident.
* * * LOW HITPOINT WARNING * * *
A red film seems to cover your vision as you go berserk!
You feel yourself moving faster!
You feel mighty! The hound bites you but does no damage.
The orc hits you with a +0 dagger.
* * * LOW HITPOINT WARNING * * *
The orc hits you from afar with a +0 trident!
You die...

#############
...##.......#
...##.......#..
...............
.....####........# #...#<
.....##.'........###.....
.....##.#........#....Z.(
......#.#........#o#)....
#.........@ho'.....
..#.......o#.#....#
..'...............#
..#........#......#
..................#
...#....###.


You could see a hound and 3 orcs.

Vanquished Creatures
  2 orc wizards (D:3)
  3 adders
  2 worms (D:3)
  5 leopard geckos
  3 orcs
  2 giant cockroaches
  7 goblins
  3 hobgoblins
  2 kobolds
  A ball python (D:3)
  6 bats
  4 frilled lizards
  2 rats (D:1)
42 creatures vanquished.

Notes
Turn   | Place    | Note
-------+----------+-------------------------------------------
     0 | D:1      | rel the Kobold Berserker began the quest for the Orb.
     0 | D:1      | Reached XP level 1. HP: 14/14 MP: 1/1
   151 | D:1      | Reached XP level 2. HP: 16/19 MP: 2/2
   445 | D:1      | Reached skill level 1 in Stealth
   489 | D:1      | Reached XP level 3. HP: 23/23 MP: 3/3
   940 | D:2      | Found an iron altar of Okawaru.
  1029 | D:3      | Noticed a +0 hand axe
  1030 | D:3      | Found a hide-covered altar of Uskayaw.
  1031 | D:3      | Noticed a +0 dagger
  1047 | D:3      | Reached ** piety under Trog
  1048 | D:3      | Reached XP level 4. HP: 19/29 MP: 4/4
  1431 | D:3      | Reached skill level 5 in Short Blades
  1431 | D:3      | Reached XP level 5. HP: 26/33 MP: 5/5
  2034 | D:3      | Found a radiant altar of Vehumet.
  2625 | D:4      | Slain by an orc

Illustrated notes

Levels and vault maps discovered:
D:1:      co_arrival_random_square_maze, layout_loops_ring
D:2:      layout_basic, nicolae_overflow_hidden_temple, lemuel_round_altar,
          nzn_hepliaklqana_mist_gate, serial_co_window_serial,
          co_window_paths_a, co_window_corner_a, co_window_corner_a,
          co_window_corner_a, co_window_corner_a, co_window_broadway_a,
          co_window_of_opportunity_b, glass_columns_a, glass_columns_a,
          glass_columns_a, glass_columns_a, glass_columns_a, uniq_robin,
          uniq_jessica
D:3:      layout_rooms, dancing_weapons_uskayaw, fiery_altar_vehumet,
          lemuel_coloured_pillars_altar
D:4:      layout_basic, lemuel_round_altar, trog_butcher_becter,
          uniq_blork_the_orc

Skill      XL: |  1  2  3  4  5 |
---------------+----------------+-----
Stealth        | 1 2 3 |  3.2
Dodging        | 3 |  3.4
Fighting       | 4 |  4.2
Short Blades   | 5 |  5.2
Armour         | |  1.8

Action                   |  1- 3 |  4- 6 || total
-------------------------+-------+-------++-------
Melee: Short sword       |    76 |    78 ||   154
Invok: Berserk           |     1 |     2 ||     3
  Use: Scroll            |     2 |       ||     2
 Stab: Sleeping          |     5 |     2 ||     7
Armor: Animal skin       |    11 |       ||    11
       Leather armour    |     1 |    16 ||    17
Dodge: Dodged            |    64 |    73 ||   137
